AoeStats
← Lord Malbec

Black Forest

509756043Analyzed
4v4 RM · 3d ago on Sep 27, 2026· 60m 41s· 8 players
Game mode
Random Map
Map size
Large (8 player)
Population
200
Speed
Normal
Resources
Standard
Victory
Conquest
Starting age
Dark Age
Ending age
Imperial Age
RankedLock teamsTeams togetherTeam positionsShared explorationLock speedFull tech treeHidden civsTurbo modeCheats
Victory
Defeat
🇨🇴 Saxons · Colombia
843
+15
🇨🇴 Turks · Colombia
842
+15
🇲🇽 Spanish · Mexico
814
+16
🇧🇷 Italians · Brazil
803
+17
🇦🇷 Slavs · Argentina
875
-19
🇦🇷 Franks · Argentina
861
-17
🇦🇷 Persians · Argentina
793
-15
🇩🇰 Khmer · Denmark
739
-12
Iceman
0:29 Loom
12:34 Feudal Age
33:09 Wheelbarrow
34:41 Double-Bit Axe
34:50 Gold Mining
37:19 Castle Age
35:41 Horse Collar
36:03 Stone Mining
40:30 Bow Saw
44:44 Imperial Age
43:35 Fortified Wall
44:24 Pikeman
45:06 Scale Mail Armor
46:32 Chain Mail Armor
47:47 Chemistry
48:18 Halberdier
54:37 Plate Mail Armor
59:21 Cavalier
60:02 Husbandry
60:13 Bloodlines
60:10 Scale Barding Armor
60:26 Conscription
60:53 Hand Cart
60:24 Town Watch
61:07 Town Patrol
61:29 Chain Barding Armor
forcepimps
0:31 Loom
17:56 Feudal Age
23:13 Castle Age
21:18 Stone Mining
21:17 Double-Bit Axe
21:53 Gold Mining
21:49 Horse Collar
25:02 Bow Saw
24:56 Heavy Plow
30:25 Imperial Age
29:20 Gold Shaft Mining
29:35 Treadmill Crane
29:52 Murder Holes
33:20 Wheelbarrow
33:49 Town Watch
34:40 Artillery
36:18 Fortified Wall
38:30 Hand Cart
38:04 Town Watch
38:44 Elite Janissary
40:56 Town Patrol
43:19 Scale Mail Armor
43:22 Padded Archer Armor
43:12 Fletching
52:29 Hoardings
52:14 Conscription
MIGBAL2229
0:28 Loom
12:21 Feudal Age
14:44 Double-Bit Axe
14:41 Horse Collar
19:30 Castle Age
18:45 Stone Mining
18:47 Gold Mining
23:14 Heavy Plow
23:26 Bow Saw
23:56 Gold Shaft Mining
24:27 Treadmill Crane
29:40 Imperial Age
28:45 Squires
29:06 Forging
28:53 Clerical Recruitment
29:39 Scale Mail Armor
29:52 Caravan
30:58 Block Printing
31:25 Theocracy
31:41 Wheelbarrow
32:46 Conscription
33:12 Iron Casting
32:53 Chain Mail Armor
33:19 Hand Cart
33:39 Elite Hearth Troop
34:59 Crop Rotation
35:41 Two-Man Saw
35:07 Shield Wall
36:56 Plate Mail Armor
37:25 Illumination
38:15 Hoardings
37:36 Elite Varangian Guard
38:04 Arson
38:06 Gambesons
40:18 Fletching
40:28 Padded Archer Armor
41:34 Chemistry
41:15 Sanctity
41:15 Redemption
Gambini
0:37 Loom
11:29 Feudal Age
12:34 Horse Collar
12:39 Double-Bit Axe
13:32 Wheelbarrow
12:48 Gold Mining
16:15 Stone Mining
21:11 Castle Age
18:57 Man-at-Arms
21:24 Forging
21:04 Fletching
21:43 Fletching
23:31 Bow Saw
24:12 Bodkin Arrow
25:29 Caravan
26:05 Long Swordsman
28:23 Heavy Plow
30:27 Fervor
30:37 Hand Cart
31:08 Iron Casting
30:34 Padded Archer Armor
31:51 Stone Shaft Mining
31:51 Scale Mail Armor
31:56 Scale Barding Armor
36:35 Imperial Age
34:31 Ballistics
33:51 Treadmill Crane
34:07 Murder Holes
34:01 Loom
34:02 Town Watch
33:49 Elite Skirmisher
35:21 Leather Archer Armor
35:24 Chain Mail Armor
35:29 Chain Barding Armor
35:47 Chain Barding Armor
36:37 Silk Road
36:47 Masonry
36:02 Pikeman
36:43 Squires
36:29 Arson
36:56 Thumb Ring
38:23 Conscription
38:17 Bracer
38:49 Ring Archer Armor
39:25 Two-Man Saw
38:13 Town Watch
39:59 Chemistry
41:11 Blast Furnace
40:41 Plate Mail Armor
40:46 Plate Barding Armor
40:52 Elite Genoese Crossbowman
57:31 Architecture
57:12 Fortified Wall
57:47 Plate Barding Armor
Kato
0:27 Loom
16:37 Feudal Age
19:40 Double-Bit Axe
19:38 Horse Collar
23:06 Castle Age
22:27 Wheelbarrow
21:24 Man-at-Arms
23:27 Long Swordsman
26:34 Caravan
26:49 Forging
26:40 Scale Mail Armor
29:49 Fletching
31:13 Bodkin Arrow
32:58 Gold Mining
36:41 Imperial Age
34:28 Hand Cart
36:36 Tusk Swords
39:17 Double Crossbow
39:54 Elite Ballista Elephant
41:42 Bow Saw
41:34 Heavy Plow
46:45 Heavy Scorpion
manu.sf
0:52 Loom
14:11 Feudal Age
16:04 Double-Bit Axe
16:11 Gold Mining
17:23 Wheelbarrow
18:35 Arson
20:11 Scale Barding Armor
20:16 Forging
20:13 Scale Mail Armor
23:06 Castle Age
24:10 Husbandry
30:58 Chain Barding Armor
31:13 Iron Casting
30:53 Chain Mail Armor
32:19 Squires
31:40 Pikeman
33:18 Hand Cart
35:25 Caravan
36:34 Ordonnance Companies
42:25 Imperial Age
44:09 Conscription
43:10 Elite Throwing Axeman
44:13 Cavalier
44:21 Ordonnance Companies
46:58 Paladin
3GUR3N
1:26 Loom
15:01 Feudal Age
15:09 Man-at-Arms
15:55 Horse Collar
18:52 Arson
21:29 Town Watch
22:20 Wheelbarrow
21:35 Double-Bit Axe
27:23 Castle Age
26:26 Forging
28:09 Hand Cart
28:52 Heavy Plow
29:05 Bow Saw
30:58 Town Patrol
31:01 Husbandry
31:12 Bloodlines
36:03 Gold Mining
36:13 Stone Mining
36:36 Scale Barding Armor
37:08 Iron Casting
37:00 Elite Skirmisher
37:48 Thumb Ring
39:04 Town Patrol
39:07 Padded Archer Armor
38:57 Fletching
39:31 Ballistics
41:19 Gold Shaft Mining
41:21 Stone Shaft Mining
41:06 Leather Archer Armor
41:22 Bodkin Arrow
42:30 Kamandaran
44:52 Crossbowman
48:24 Imperial Age
49:14 Crop Rotation
49:47 Two-Man Saw
48:40 Cavalier
50:35 Chemistry
50:08 Ring Archer Armor
50:00 Capped Ram
51:54 Siege Ram
Lord Malbec
0:33 Loom
21:31 Feudal Age
21:34 Man-at-Arms
23:06 Wheelbarrow
27:01 Scale Mail Armor
28:37 Forging
29:40 Horse Collar
31:14 Double-Bit Axe
33:56 Castle Age
32:00 Fletching
32:36 Scale Barding Armor
33:55 Padded Archer Armor
34:31 Long Swordsman
35:12 Squires
35:31 Hand Cart
36:09 Iron Casting
35:51 Chain Mail Armor
38:47 Bow Saw
40:34 Hand Cart
41:49 Bodkin Arrow
42:08 Heavy Plow
48:01 Elite Skirmisher
49:01 Leather Archer Armor
49:07 Chain Barding Armor
49:10 Ballistics
51:43 Imperial Age
51:54 Two-Handed Swordsman
58:47 Chemistry
Connection lost

Rejoining the realm…

Still unreachable

The connection could not be restored.

Session expired

The server has moved on; the page needs a fresh start.